[ PARTIDA AOE2 · #495304518 ]
UnrankedBereberes vs Teutons
[ ANÁLISIS DE REPETICIÓN · EXTRAÍDO DE LA PARTIDA GRABADA ]
Feudal
12:11
Castillos
15:42
Imperial
28:25
| APM promedio | 33.8 |
| APM pico | 60 |
| eAPM promedio | 23.5 |
| Aldeanos / militares | 219 / 614 |
Foco
⚔️ 30.4% · 🌾 69.6%
Scout Cavalry ×316 · Genitour ×113 · Camel Scout ×81 · Camel Archer ×56 · Militia ×17 · Bombard Cannon ×17
Feudal
13:16
Castillos
18:11
Imperial
—
| APM promedio | 13.1 |
| APM pico | 59 |
| eAPM promedio | 9.7 |
| Aldeanos / militares | 61 / 0 |
Foco
⚔️ 10.7% · 🌾 89.3%
Fishing Ship ×9
Feudal
14:21
Castillos
20:50
Imperial
41:44
| APM promedio | 22.0 |
| APM pico | 74 |
| eAPM promedio | 16.2 |
| Aldeanos / militares | 121 / 291 |
Foco
⚔️ 49.4% · 🌾 50.6%
Archer ×165 · Plumed Archer ×70 · Skirmisher ×51 · Fishing Ship ×4 · Scorpion ×2 · Trebuchet (Packed) ×2
Feudal
10:18
Castillos
14:45
Imperial
30:59
| APM promedio | 19.0 |
| APM pico | 47 |
| eAPM promedio | 14.4 |
| Aldeanos / militares | 324 / 213 |
Foco
⚔️ 32.6% · 🌾 67.4%
Serjeant ×105 · Spearman ×88 · Battering Ram ×13 · Mangonel ×5 · Monk ×2
Feudal
14:09
Castillos
18:11
Imperial
31:47
| APM promedio | 31.8 |
| APM pico | 70 |
| eAPM promedio | 16.4 |
| Aldeanos / militares | 172 / 530 |
Foco
⚔️ 35.9% · 🌾 64.1%
Militia ×187 · Spearman ×178 · Konnik ×138 · Trade Cart ×26 · Battering Ram ×20 · Fishing Ship ×14
Feudal
15:59
Castillos
24:32
Imperial
37:40
| APM promedio | 17.5 |
| APM pico | 39 |
| eAPM promedio | 12.7 |
| Aldeanos / militares | 163 / 267 |
Foco
⚔️ 26.4% · 🌾 73.6%
Militia ×244 · Spearman ×20 · Fishing Ship ×5 · Hussite Wagon ×3
Feudal
16:11
Castillos
26:43
Imperial
34:13
| APM promedio | 25.6 |
| APM pico | 66 |
| eAPM promedio | 16.5 |
| Aldeanos / militares | 130 / 467 |
Foco
⚔️ 38.0% · 🌾 62.0%
Spearman ×328 · Militia ×60 · Boyar ×33 · Scout Cavalry ×25 · Fishing Ship ×24 · Trade Cart ×12
Feudal
13:02
Castillos
17:15
Imperial
34:30
| APM promedio | 31.5 |
| APM pico | 81 |
| eAPM promedio | 18.8 |
| Aldeanos / militares | 133 / 278 |
Foco
⚔️ 37.5% · 🌾 62.5%
Knight ×139 · Throwing Axeman ×116 · Trade Cart ×17 · Fishing Ship ×7 · Demolition Raft ×6 · Trebuchet (Packed) ×6
Mapa de la partida
Recursos iniciales + cada clic de construcción. Líneas = muros · curvas = relieve. ◆ oro · ⬟ piedra · ● bayas · ✦ reliquia · ◌ hueco del cierre
Tu base· ✓ Cerrada en 15:42 · 0t muro · sin puerta
Base de RC· ✓ Cerrada en 18:11 · 14t muro · sin puerta
Base de GoGoGo· ✓ Cerrada en 20:50 · 138t muro · 4 puerta(s)
Base de chamsou anaba· ✓ Cerrada en 14:45 · 0t muro · sin puerta
Base de ovuvuevuevue· ✓ Cerrada en 18:11 · 14t muro · sin puerta
Base de mahermasmoudi1994· ✓ Cerrada en 24:32 · 70t muro · sin puerta
Base de Mother· ✓ Cerrada en 26:43 · 65t muro · sin puerta
Base de fran1210· ✓ Cerrada en 17:15 · 12t muro · 1 puerta(s)
Terreno inicial suavizado · ◌ = hueco del cierre detectado · pasá el cursor para detalles
Inputs por minuto
— Danny - - RC
Build order — Danny
Primeras 150 de 689 acciones detectadas
| 0:00 | Crear | Villager (Male) |
| 0:01 | Crear | Villager (Male) |
| 0:02 | Construir | House |
| 0:04 | Construir | House |
| 0:14 | Crear | Villager (Male) |
| 0:14 | Crear | Villager (Male) |
| 0:15 | Crear | Villager (Male) |
| 1:33 | Crear | Villager (Male) |
| 2:01 | Crear | Villager (Male) |
| 2:04 | Construir | Lumber Camp |
| 2:17 | Crear | Villager (Male) |
| 2:45 | Crear | Villager (Male) |
| 3:00 | Construir | House |
| 3:02 | Crear | Villager (Male) |
| 3:32 | Crear | Villager (Male) |
| 3:32 | Crear | Villager (Male) |
| 4:04 | Crear | Villager (Male) |
| 4:08 | Construir | House |
| 4:28 | Crear | Villager (Male) |
| 4:54 | Construir | House |
| 4:56 | Crear | Villager (Male) |
| 5:21 | Crear | Villager (Male) |
| 5:33 | Construir | Mill |
| 5:40 | Crear | Villager (Male) |
| 5:40 | Crear | Villager (Male) |
| 5:48 | Crear | Villager (Male) |
| 6:18 | Crear | Villager (Male) |
| 6:54 | Crear | Villager (Male) |
| 7:14 | Crear | Villager (Male) |
| 7:46 | Crear | Villager (Male) |
| 8:04 | Crear | Villager (Male) |
| 8:23 | Construir | Dock |
| 8:34 | Construir | Mining Camp |
| 8:37 | Construir | Mining Camp |
| 8:42 | Crear | Villager (Male) |
| 9:08 | Crear | Villager (Male) |
| 9:30 | Crear | Villager (Male) |
| 9:34 | Crear | Fishing Ship |
| 9:41 | Construir | House |
| 9:55 | Investigar | Feudal Age |
| 10:28 | Crear | Fishing Ship |
| 10:30 | Crear | Fishing Ship |
| 11:08 | Crear | Villager (Male) |
| 11:09 | Crear | Villager (Male) |
| 11:15 | Crear | Fishing Ship |
| 12:11 | Edad | Edad Feudal |
| 12:14 | Construir | Market |
| 12:19 | Construir | Blacksmith |
| 13:02 | Investigar | Castle Age |
| 13:17 | Investigar | Double-Bit Axe |
| 13:19 | Investigar | Horse Collar |
| 13:23 | Construir | Mining Camp |
| 13:47 | Crear | Fishing Ship |
| 13:52 | Crear | Fishing Ship |
| 14:39 | Crear | Villager (Male) |
| 14:39 | Crear | Villager (Male) |
| 14:59 | Crear | Villager (Male) |
| 15:08 | Construir | House |
| 15:09 | Construir | House |
| 15:32 | Construir | House |
| 15:42 | Edad | Edad de los Castillos |
| 15:45 | Construir | Town Center |
| 15:49 | Construir | Town Center |
| 15:51 | Investigar | Bow Saw |
| 15:53 | Crear | Villager (Male) |
| 16:27 | Crear | Villager (Male) |
| 16:32 | Crear | Fishing Ship |
| 16:32 | Crear | Fishing Ship |
| 16:43 | Crear | Villager (Male) |
| 16:48 | Crear | Villager (Male) |
| 16:54 | Investigar | Heavy Plow |
| 16:59 | Construir | Farm |
| 17:03 | Construir | Farm |
| 17:08 | Construir | Farm |
| 17:10 | Construir | Farm |
| 17:11 | Crear | Villager (Male) |
| 17:15 | Crear | Villager (Male) |
| 17:46 | Construir | Town Center |
| 17:52 | Crear | Villager (Male) |
| 17:56 | Construir | Farm |
| 18:01 | Construir | Farm |
| 18:04 | Construir | Farm |
| 18:09 | Construir | Farm |
| 18:11 | Construir | Farm |
| 18:13 | Crear | Villager (Male) |
| 18:26 | Construir | Fish Trap |
| 18:29 | Construir | Fish Trap |
| 18:31 | Construir | Fish Trap |
| 18:36 | Crear | Villager (Male) |
| 18:49 | Construir | Farm |
| 18:50 | Crear | Villager (Male) |
| 18:54 | Crear | Villager (Male) |
| 18:56 | Construir | Farm |
| 18:58 | Construir | Farm |
| 19:00 | Construir | Farm |
| 19:01 | Crear | Villager (Male) |
| 19:03 | Construir | Fish Trap |
| 19:09 | Construir | Farm |
| 19:10 | Construir | Farm |
| 19:42 | Construir | Fish Trap |
| 19:42 | Crear | Villager (Male) |
| 19:43 | Crear | Villager (Male) |
| 19:44 | Crear | Villager (Male) |
| 19:48 | Construir | Farm |
| 19:51 | Crear | Villager (Male) |
| 19:55 | Construir | Farm |
| 19:57 | Construir | Farm |
| 19:58 | Crear | Villager (Male) |
| 20:04 | Construir | Farm |
| 20:05 | Construir | Farm |
| 20:07 | Construir | Farm |
| 20:08 | Crear | Villager (Male) |
| 20:11 | Construir | Farm |
| 20:15 | Crear | Fishing Ship |
| 20:16 | Crear | Fishing Ship |
| 20:17 | Crear | Villager (Male) |
| 20:23 | Construir | Monastery |
| 20:25 | Crear | Villager (Male) |
| 20:30 | Crear | Villager (Male) |
| 20:33 | Crear | Villager (Male) |
| 20:40 | Construir | Farm |
| 20:43 | Construir | Farm |
| 20:45 | Crear | Villager (Male) |
| 20:48 | Crear | Villager (Male) |
| 20:57 | Construir | Farm |
| 20:59 | Construir | Fish Trap |
| 21:05 | Construir | Fish Trap |
| 21:07 | Investigar | Gold Mining |
| 21:08 | Crear | Villager (Male) |
| 21:10 | Crear | Villager (Male) |
| 21:14 | Construir | House |
| 21:16 | Construir | House |
| 21:17 | Construir | House |
| 21:21 | Crear | Villager (Male) |
| 21:25 | Crear | Villager (Male) |
| 21:27 | Construir | Farm |
| 21:27 | Crear | Villager (Male) |
| 21:31 | Construir | House |
| 21:35 | Construir | House |
| 21:36 | Construir | House |
| 21:37 | Crear | Villager (Male) |
| 21:39 | Construir | House |
| 21:42 | Construir | Farm |
| 21:43 | Crear | Villager (Male) |
| 21:46 | Crear | Monk |
| 22:03 | Crear | Villager (Male) |
| 22:04 | Crear | Villager (Male) |
| 22:04 | Crear | Villager (Male) |
| 22:04 | Crear | Villager (Male) |
| 22:05 | Crear | Villager (Male) |
Build order — RC
132 acciones detectadas en el replay
| 0:02 | Crear | Villager (Male) |
| 0:02 | Crear | Villager (Male) |
| 0:02 | Crear | Villager (Male) |
| 0:03 | Crear | Villager (Male) |
| 0:09 | Construir | House |
| 0:14 | Construir | House |
| 0:17 | Construir | House |
| 0:52 | Investigar | Loom |
| 0:53 | Investigar | Loom |
| 0:53 | Crear | Villager (Male) |
| 0:53 | Crear | Villager (Male) |
| 1:41 | Construir | Palisade Wall |
| 2:24 | Crear | Villager (Male) |
| 2:24 | Crear | Villager (Male) |
| 2:50 | Construir | House |
| 2:55 | Crear | Villager (Male) |
| 3:15 | Crear | Villager (Male) |
| 3:43 | Crear | Villager (Male) |
| 4:12 | Construir | Lumber Camp |
| 4:15 | Crear | Villager (Male) |
| 4:15 | Crear | Villager (Male) |
| 4:55 | Crear | Villager (Male) |
| 5:14 | Crear | Villager (Male) |
| 5:14 | Crear | Villager (Male) |
| 5:14 | Crear | Villager (Male) |
| 5:45 | Construir | House |
| 6:03 | Crear | Villager (Male) |
| 6:26 | Crear | Villager (Male) |
| 6:26 | Crear | Villager (Male) |
| 6:33 | Crear | Villager (Male) |
| 6:33 | Crear | Villager (Male) |
| 7:29 | Construir | Mill |
| 7:36 | Crear | Villager (Male) |
| 7:53 | Crear | Villager (Male) |
| 7:53 | Crear | Villager (Male) |
| 8:02 | Construir | Dock |
| 8:32 | Crear | Villager (Male) |
| 8:32 | Crear | Villager (Male) |
| 10:20 | Crear | Villager (Male) |
| 10:24 | Crear | Fishing Ship |
| 10:24 | Crear | Fishing Ship |
| 10:24 | Crear | Fishing Ship |
| 11:06 | Investigar | Feudal Age |
| 11:11 | Construir | House |
| 11:33 | Construir | House |
| 11:40 | Crear | Fishing Ship |
| 11:41 | Crear | Fishing Ship |
| 12:04 | Crear | Fishing Ship |
| 12:04 | Crear | Fishing Ship |
| 12:32 | Construir | Mining Camp |
| 13:16 | Edad | Edad Feudal |
| 13:18 | Investigar | Wheelbarrow |
| 13:44 | Construir | Market |
| 14:48 | Construir | Blacksmith |
| 15:31 | Investigar | Castle Age |
| 15:48 | Investigar | Double-Bit Axe |
| 16:18 | Construir | Stone Wall |
| 16:21 | Investigar | Stone Mining |
| 16:21 | Investigar | Stone Mining |
| 16:24 | Investigar | Horse Collar |
| 16:42 | Construir | Lumber Camp |
| 17:19 | Crear | Villager (Male) |
| 17:19 | Crear | Villager (Male) |
| 17:32 | Crear | Fishing Ship |
| 17:32 | Crear | Fishing Ship |
| 17:46 | Construir | Fish Trap |
| 17:46 | Construir | Fish Trap |
| 17:46 | Construir | Fish Trap |
| 17:46 | Construir | Fish Trap |
| 17:47 | Construir | Fish Trap |
| 17:47 | Construir | Fish Trap |
| 18:11 | Edad | Edad de los Castillos |
| 18:14 | Crear | Villager (Male) |
| 18:15 | Crear | Villager (Male) |
| 18:15 | Crear | Villager (Male) |
| 18:35 | Construir | Fish Trap |
| 18:35 | Construir | Fish Trap |
| 18:36 | Construir | Fish Trap |
| 18:39 | Crear | Villager (Male) |
| 18:39 | Crear | Villager (Male) |
| 19:17 | Construir | Stone Wall |
| 19:21 | Crear | Villager (Male) |
| 19:21 | Crear | Villager (Male) |
| 19:38 | Construir | Town Center |
| 20:00 | Construir | Fish Trap |
| 20:15 | Construir | Fish Trap |
| 20:35 | Construir | House |
| 20:41 | Crear | Villager (Male) |
| 20:41 | Crear | Villager (Male) |
| 20:46 | Construir | House |
| 21:05 | Construir | House |
| 21:08 | Crear | Villager (Male) |
| 21:08 | Crear | Villager (Male) |
| 21:09 | Crear | Villager (Male) |
| 21:21 | Crear | Villager (Male) |
| 21:22 | Crear | Villager (Male) |
| 21:27 | Crear | Villager (Male) |
| 21:27 | Crear | Villager (Male) |
| 21:53 | Crear | Villager (Male) |
| 21:54 | Crear | Villager (Male) |
| 22:07 | Construir | Town Center |
| 22:28 | Construir | House |
| 22:30 | Crear | Villager (Male) |
| 22:30 | Crear | Villager (Male) |
| 22:30 | Crear | Villager (Male) |
| 22:52 | Crear | Villager (Male) |
| 22:54 | Construir | Farm |
| 22:55 | Construir | Farm |
| 23:05 | Crear | Villager (Male) |
| 23:08 | Construir | House |
| 23:46 | Construir | Farm |
| 23:47 | Construir | Farm |
| 24:05 | Crear | Villager (Male) |
| 24:05 | Crear | Villager (Male) |
| 24:06 | Crear | Villager (Male) |
| 24:06 | Crear | Villager (Male) |
| 24:18 | Construir | Farm |
| 24:20 | Construir | Farm |
| 24:22 | Construir | House |
| 24:23 | Construir | Farm |
| 24:28 | Construir | Farm |
| 24:37 | Construir | House |
| 24:42 | Crear | Villager (Male) |
| 24:43 | Crear | Villager (Male) |
| 24:47 | Construir | Farm |
| 24:48 | Construir | Farm |
| 24:48 | Construir | Farm |
| 24:49 | Construir | Farm |
| 24:49 | Construir | Farm |
| 25:14 | Crear | Villager (Male) |
| 25:14 | Crear | Villager (Male) |
| 25:22 | Construir | Farm |
Build order — GoGoGo
Primeras 150 de 600 acciones detectadas
| 0:01 | Crear | Villager (Male) |
| 0:02 | Crear | Villager (Male) |
| 0:02 | Crear | Villager (Male) |
| 0:04 | Investigar | Loom |
| 0:07 | Crear | Villager (Male) |
| 0:07 | Crear | Villager (Male) |
| 0:07 | Crear | Villager (Male) |
| 0:10 | Construir | House |
| 0:11 | Construir | House |
| 0:14 | Construir | House |
| 1:26 | Construir | Palisade Wall |
| 2:29 | Crear | Villager (Male) |
| 2:48 | Construir | Lumber Camp |
| 2:56 | Crear | Villager (Male) |
| 2:56 | Crear | Villager (Male) |
| 3:17 | Crear | Villager (Male) |
| 3:17 | Crear | Villager (Male) |
| 3:43 | Crear | Villager (Male) |
| 3:43 | Crear | Villager (Male) |
| 4:08 | Crear | Villager (Male) |
| 4:08 | Crear | Villager (Male) |
| 4:20 | Crear | Villager (Male) |
| 5:20 | Crear | Villager (Male) |
| 5:20 | Crear | Villager (Male) |
| 5:21 | Crear | Villager (Male) |
| 6:19 | Construir | House |
| 6:20 | Construir | House |
| 6:29 | Crear | Villager (Male) |
| 6:29 | Crear | Villager (Male) |
| 6:30 | Crear | Villager (Male) |
| 6:58 | Construir | Palisade Wall |
| 7:46 | Construir | Palisade Wall |
| 7:49 | Crear | Villager (Male) |
| 7:50 | Crear | Villager (Male) |
| 7:50 | Crear | Villager (Male) |
| 7:50 | Crear | Villager (Male) |
| 7:53 | Construir | Mill |
| 7:57 | Crear | Villager (Male) |
| 7:57 | Crear | Villager (Male) |
| 7:57 | Crear | Villager (Male) |
| 9:13 | Construir | Palisade Wall |
| 9:22 | Crear | Villager (Male) |
| 9:22 | Crear | Villager (Male) |
| 9:22 | Crear | Villager (Male) |
| 10:34 | Crear | Villager (Male) |
| 10:34 | Crear | Villager (Male) |
| 10:51 | Construir | Mill |
| 10:58 | Crear | Villager (Male) |
| 11:03 | Construir | Lumber Camp |
| 11:18 | Construir | House |
| 11:19 | Construir | House |
| 11:20 | Construir | House |
| 11:20 | Construir | House |
| 11:27 | Construir | Palisade Wall |
| 11:30 | Construir | Palisade Wall |
| 11:32 | Construir | Palisade Wall |
| 11:39 | Construir | Palisade Wall |
| 12:11 | Investigar | Feudal Age |
| 12:53 | Construir | Palisade Wall |
| 13:14 | Construir | Palisade Wall |
| 13:51 | Construir | House |
| 13:54 | Construir | House |
| 13:58 | Construir | House |
| 14:21 | Edad | Edad Feudal |
| 14:51 | Construir | Stone Wall |
| 15:35 | Construir | Stone Wall |
| 15:52 | Construir | Stone Wall |
| 16:15 | Construir | Dock |
| 16:18 | Construir | Blacksmith |
| 16:27 | Construir | Market |
| 16:34 | Crear | Villager (Male) |
| 16:34 | Crear | Villager (Male) |
| 16:36 | Crear | Villager (Male) |
| 16:47 | Construir | Stone Wall |
| 17:20 | Construir | Barracks |
| 17:35 | Construir | Mining Camp |
| 18:10 | Investigar | Castle Age |
| 18:14 | Construir | Lumber Camp |
| 18:28 | Construir | Stone Wall |
| 18:31 | Construir | Gate |
| 18:46 | Construir | House |
| 19:02 | Construir | Stone Wall |
| 19:05 | Construir | Gate |
| 19:18 | Investigar | Double-Bit Axe |
| 19:25 | Crear | Fishing Ship |
| 19:25 | Crear | Fishing Ship |
| 19:48 | Construir | Mining Camp |
| 20:02 | Investigar | Stone Mining |
| 20:09 | Crear | Fishing Ship |
| 20:31 | Construir | Stone Wall |
| 20:37 | Construir | Gate |
| 20:40 | Construir | Gate |
| 20:50 | Edad | Edad de los Castillos |
| 21:01 | Construir | Mining Camp |
| 21:20 | Construir | Siege Workshop |
| 21:21 | Construir | House |
| 21:23 | Construir | House |
| 22:03 | Crear | Fishing Ship |
| 22:12 | Construir | Farm |
| 22:13 | Construir | Farm |
| 22:42 | Construir | Siege Workshop |
| 23:05 | Construir | House |
| 23:07 | Construir | House |
| 23:08 | Construir | House |
| 23:09 | Construir | House |
| 23:10 | Construir | House |
| 23:27 | Construir | Stone Wall |
| 23:30 | Construir | Gate |
| 23:41 | Construir | Town Center |
| 23:47 | Crear | Villager (Male) |
| 23:47 | Crear | Villager (Male) |
| 23:49 | Crear | Villager (Male) |
| 23:50 | Crear | Villager (Male) |
| 23:51 | Construir | Farm |
| 23:52 | Construir | Farm |
| 24:15 | Crear | Scorpion |
| 24:26 | Crear | Villager (Male) |
| 25:28 | Construir | Farm |
| 25:29 | Construir | Farm |
| 25:30 | Construir | Farm |
| 25:31 | Construir | Farm |
| 25:33 | Crear | Villager (Male) |
| 25:33 | Crear | Villager (Male) |
| 25:35 | Crear | Villager (Male) |
| 25:45 | Construir | Town Center |
| 26:06 | Construir | Castle |
| 26:33 | Construir | Fish Trap |
| 26:49 | Investigar | Wheelbarrow |
| 26:55 | Construir | Farm |
| 26:56 | Construir | Farm |
| 27:05 | Construir | Farm |
| 27:07 | Construir | House |
| 27:14 | Construir | Farm |
| 27:14 | Construir | Farm |
| 27:21 | Construir | Farm |
| 27:24 | Construir | Farm |
| 27:34 | Crear | Villager (Male) |
| 27:34 | Crear | Villager (Male) |
| 27:40 | Crear | Villager (Male) |
| 27:52 | Construir | Farm |
| 27:59 | Crear | Villager (Male) |
| 28:01 | Crear | Villager (Male) |
| 28:30 | Crear | Plumed Archer |
| 28:40 | Construir | Town Center |
| 28:45 | Crear | Villager (Male) |
| 28:45 | Crear | Villager (Male) |
| 28:48 | Crear | Villager (Male) |
| 28:48 | Crear | Villager (Male) |
| 28:49 | Investigar | Gold Mining |
| 29:27 | Crear | Battering Ram |
Build order — chamsou anaba
Primeras 150 de 463 acciones detectadas
| 0:01 | Crear | Villager (Male) |
| 0:01 | Crear | Villager (Male) |
| 0:02 | Crear | Villager (Male) |
| 0:02 | Crear | Villager (Male) |
| 0:02 | Crear | Villager (Male) |
| 0:03 | Construir | House |
| 0:05 | Construir | House |
| 1:43 | Crear | Villager (Male) |
| 1:51 | Construir | Lumber Camp |
| 1:59 | Crear | Villager (Male) |
| 2:19 | Crear | Villager (Male) |
| 2:47 | Crear | Villager (Male) |
| 3:06 | Crear | Villager (Male) |
| 3:31 | Construir | House |
| 3:33 | Construir | House |
| 3:42 | Crear | Villager (Male) |
| 3:43 | Crear | Villager (Male) |
| 4:18 | Crear | Villager (Male) |
| 4:18 | Crear | Villager (Male) |
| 4:32 | Crear | Villager (Male) |
| 4:32 | Crear | Villager (Male) |
| 4:36 | Crear | Villager (Male) |
| 6:01 | Crear | Villager (Male) |
| 6:01 | Crear | Villager (Male) |
| 6:01 | Crear | Villager (Male) |
| 6:02 | Crear | Villager (Male) |
| 6:02 | Crear | Villager (Male) |
| 6:02 | Crear | Villager (Male) |
| 6:28 | Crear | Villager (Male) |
| 6:39 | Construir | Mill |
| 7:43 | Construir | Mining Camp |
| 8:08 | Investigar | Feudal Age |
| 9:04 | Crear | Villager (Male) |
| 9:04 | Crear | Villager (Male) |
| 9:04 | Crear | Villager (Male) |
| 9:08 | Construir | Mill |
| 10:09 | Crear | Villager (Male) |
| 10:18 | Edad | Edad Feudal |
| 10:47 | Crear | Villager (Male) |
| 10:53 | Construir | Market |
| 11:02 | Construir | House |
| 11:18 | Investigar | Loom |
| 11:34 | Construir | Blacksmith |
| 11:37 | Crear | Villager (Male) |
| 12:05 | Investigar | Castle Age |
| 12:05 | Investigar | Castle Age |
| 12:53 | Investigar | Double-Bit Axe |
| 13:08 | Construir | Farm |
| 13:24 | Construir | Farm |
| 13:25 | Construir | Farm |
| 13:26 | Construir | Farm |
| 13:36 | Construir | House |
| 13:48 | Construir | House |
| 14:20 | Crear | Villager (Male) |
| 14:20 | Crear | Villager (Male) |
| 14:21 | Crear | Villager (Male) |
| 14:45 | Edad | Edad de los Castillos |
| 14:49 | Construir | Town Center |
| 14:58 | Crear | Villager (Male) |
| 15:18 | Construir | Town Center |
| 15:31 | Crear | Villager (Male) |
| 15:31 | Crear | Villager (Male) |
| 15:32 | Crear | Villager (Male) |
| 15:41 | Construir | House |
| 15:42 | Construir | House |
| 16:01 | Construir | Farm |
| 16:04 | Construir | Farm |
| 16:06 | Crear | Villager (Male) |
| 16:06 | Crear | Villager (Male) |
| 16:06 | Crear | Villager (Male) |
| 16:06 | Crear | Villager (Male) |
| 16:07 | Crear | Villager (Male) |
| 16:07 | Crear | Villager (Male) |
| 16:07 | Crear | Villager (Male) |
| 16:08 | Crear | Villager (Male) |
| 16:21 | Construir | Farm |
| 16:27 | Construir | Farm |
| 16:39 | Construir | Farm |
| 16:42 | Construir | House |
| 16:43 | Construir | House |
| 16:47 | Crear | Villager (Male) |
| 16:47 | Crear | Villager (Male) |
| 16:59 | Construir | Farm |
| 17:04 | Construir | Farm |
| 17:16 | Crear | Villager (Male) |
| 17:16 | Crear | Villager (Male) |
| 17:19 | Construir | Farm |
| 17:22 | Construir | Farm |
| 17:26 | Construir | Farm |
| 17:35 | Construir | House |
| 17:38 | Crear | Villager (Male) |
| 17:39 | Crear | Villager (Male) |
| 17:39 | Crear | Villager (Male) |
| 17:44 | Crear | Villager (Male) |
| 17:48 | Construir | Farm |
| 17:50 | Construir | Farm |
| 17:59 | Investigar | Horse Collar |
| 18:06 | Crear | Villager (Male) |
| 18:11 | Construir | House |
| 18:15 | Crear | Villager (Male) |
| 18:19 | Construir | Farm |
| 18:25 | Crear | Villager (Male) |
| 18:27 | Crear | Villager (Male) |
| 18:33 | Construir | Farm |
| 18:37 | Construir | Farm |
| 18:40 | Construir | Farm |
| 18:46 | Crear | Villager (Male) |
| 18:47 | Crear | Villager (Male) |
| 18:47 | Crear | Villager (Male) |
| 18:47 | Crear | Villager (Male) |
| 18:51 | Construir | House |
| 19:02 | Crear | Villager (Male) |
| 19:09 | Construir | Monastery |
| 19:13 | Crear | Villager (Male) |
| 19:14 | Crear | Villager (Male) |
| 19:14 | Crear | Villager (Male) |
| 19:18 | Construir | Farm |
| 19:19 | Construir | Farm |
| 19:24 | Construir | Farm |
| 19:27 | Crear | Villager (Male) |
| 19:27 | Crear | Villager (Male) |
| 19:27 | Crear | Villager (Male) |
| 19:34 | Construir | House |
| 19:35 | Construir | House |
| 19:39 | Crear | Villager (Male) |
| 19:45 | Construir | Farm |
| 19:48 | Construir | Farm |
| 19:52 | Crear | Monk |
| 20:00 | Crear | Villager (Male) |
| 20:00 | Crear | Villager (Male) |
| 20:00 | Crear | Villager (Male) |
| 20:00 | Crear | Villager (Male) |
| 20:01 | Crear | Villager (Male) |
| 20:14 | Construir | Farm |
| 20:20 | Crear | Villager (Male) |
| 20:21 | Crear | Villager (Male) |
| 20:21 | Crear | Villager (Male) |
| 20:21 | Crear | Villager (Male) |
| 20:30 | Construir | Town Center |
| 20:37 | Crear | Villager (Male) |
| 20:38 | Crear | Villager (Male) |
| 20:38 | Crear | Villager (Male) |
| 20:38 | Crear | Villager (Male) |
| 20:43 | Construir | Farm |
| 20:44 | Construir | Farm |
| 20:45 | Construir | Farm |
| 20:46 | Construir | Farm |
| 20:46 | Construir | Farm |
| 20:54 | Construir | House |
| 20:56 | Construir | House |
Build order — ovuvuevuevue
Primeras 150 de 516 acciones detectadas
| 0:02 | Construir | House |
| 0:03 | Construir | House |
| 0:14 | Crear | Villager (Male) |
| 0:14 | Crear | Villager (Male) |
| 0:25 | Crear | Villager (Male) |
| 0:25 | Crear | Villager (Male) |
| 1:44 | Crear | Villager (Male) |
| 2:01 | Construir | Lumber Camp |
| 2:07 | Crear | Villager (Male) |
| 2:23 | Crear | Villager (Male) |
| 2:58 | Crear | Villager (Male) |
| 3:10 | Crear | Villager (Male) |
| 3:42 | Crear | Villager (Male) |
| 3:48 | Construir | House |
| 4:22 | Crear | Villager (Male) |
| 4:55 | Crear | Villager (Male) |
| 4:59 | Construir | Dock |
| 5:27 | Crear | Villager (Male) |
| 5:28 | Crear | Villager (Male) |
| 5:50 | Crear | Fishing Ship |
| 5:58 | Construir | House |
| 6:07 | Crear | Villager (Male) |
| 6:13 | Crear | Villager (Male) |
| 6:16 | Crear | Villager (Male) |
| 6:36 | Construir | House |
| 6:38 | Crear | Villager (Male) |
| 6:39 | Crear | Villager (Male) |
| 6:49 | Crear | Villager (Male) |
| 7:36 | Crear | Villager (Male) |
| 7:36 | Crear | Villager (Male) |
| 7:40 | Crear | Fishing Ship |
| 7:40 | Crear | Fishing Ship |
| 7:45 | Construir | House |
| 8:18 | Construir | Palisade Wall |
| 8:20 | Construir | Palisade Wall |
| 8:20 | Construir | Palisade Wall |
| 8:21 | Construir | Palisade Wall |
| 8:47 | Construir | Palisade Wall |
| 8:48 | Construir | Palisade Wall |
| 8:49 | Construir | Palisade Wall |
| 8:51 | Construir | Palisade Wall |
| 9:07 | Crear | Villager (Male) |
| 9:38 | Crear | Villager (Male) |
| 9:50 | Construir | Mill |
| 9:52 | Crear | Villager (Male) |
| 10:15 | Construir | Mill |
| 10:20 | Crear | Villager (Male) |
| 10:34 | Construir | House |
| 10:38 | Crear | Fishing Ship |
| 11:27 | Construir | Mining Camp |
| 11:37 | Construir | House |
| 11:59 | Investigar | Feudal Age |
| 13:42 | Crear | Villager (Male) |
| 14:09 | Edad | Edad Feudal |
| 14:17 | Construir | Market |
| 14:20 | Construir | Blacksmith |
| 14:38 | Crear | Villager (Male) |
| 14:53 | Crear | Villager (Male) |
| 15:31 | Investigar | Castle Age |
| 16:01 | Investigar | Double-Bit Axe |
| 16:01 | Investigar | Double-Bit Axe |
| 16:02 | Investigar | Horse Collar |
| 16:05 | Crear | Fishing Ship |
| 16:05 | Crear | Fishing Ship |
| 16:12 | Investigar | Tech 906 |
| 16:19 | Construir | Fish Trap |
| 16:21 | Construir | Fish Trap |
| 16:23 | Construir | Fish Trap |
| 16:29 | Construir | Fish Trap |
| 16:32 | Crear | Fishing Ship |
| 16:32 | Crear | Fishing Ship |
| 16:52 | Construir | Fish Trap |
| 17:57 | Construir | Fish Trap |
| 17:59 | Crear | Villager (Male) |
| 18:11 | Edad | Edad de los Castillos |
| 18:12 | Investigar | Wheelbarrow |
| 18:20 | Construir | Town Center |
| 18:26 | Construir | Town Center |
| 18:45 | Crear | Villager (Male) |
| 18:53 | Construir | Town Center |
| 19:13 | Investigar | Bow Saw |
| 19:43 | Crear | Villager (Male) |
| 19:43 | Crear | Villager (Male) |
| 19:50 | Crear | Villager (Male) |
| 19:50 | Crear | Villager (Male) |
| 19:50 | Crear | Villager (Male) |
| 19:53 | Construir | Fish Trap |
| 19:57 | Crear | Villager (Male) |
| 19:57 | Crear | Villager (Male) |
| 20:03 | Crear | Fishing Ship |
| 20:03 | Crear | Fishing Ship |
| 20:23 | Crear | Villager (Male) |
| 20:23 | Crear | Villager (Male) |
| 20:27 | Construir | Farm |
| 20:28 | Investigar | Heavy Plow |
| 20:34 | Construir | Farm |
| 20:37 | Construir | Farm |
| 20:39 | Crear | Villager (Male) |
| 20:39 | Crear | Villager (Male) |
| 20:40 | Crear | Villager (Male) |
| 20:43 | Construir | Farm |
| 20:46 | Construir | Farm |
| 20:50 | Construir | Farm |
| 20:59 | Construir | Farm |
| 21:04 | Construir | Farm |
| 21:06 | Construir | Farm |
| 21:08 | Construir | Farm |
| 21:10 | Crear | Villager (Male) |
| 21:10 | Crear | Villager (Male) |
| 21:10 | Crear | Villager (Male) |
| 21:10 | Crear | Villager (Male) |
| 21:14 | Construir | Fish Trap |
| 21:18 | Crear | Villager (Male) |
| 21:18 | Crear | Villager (Male) |
| 21:31 | Construir | Mining Camp |
| 21:34 | Construir | Farm |
| 21:36 | Crear | Villager (Male) |
| 21:36 | Crear | Villager (Male) |
| 21:41 | Construir | Farm |
| 21:45 | Construir | Farm |
| 21:48 | Construir | House |
| 21:49 | Construir | House |
| 21:52 | Construir | House |
| 21:53 | Construir | House |
| 22:01 | Investigar | Loom |
| 22:04 | Investigar | Town Watch |
| 22:05 | Crear | Villager (Male) |
| 22:13 | Crear | Villager (Male) |
| 22:13 | Crear | Villager (Male) |
| 22:14 | Crear | Villager (Male) |
| 22:14 | Crear | Villager (Male) |
| 22:28 | Investigar | Gillnets |
| 22:29 | Crear | Fishing Ship |
| 22:29 | Crear | Fishing Ship |
| 22:40 | Crear | Villager (Male) |
| 22:40 | Crear | Villager (Male) |
| 22:46 | Construir | House |
| 22:47 | Construir | House |
| 22:48 | Construir | House |
| 22:48 | Construir | House |
| 22:51 | Construir | House |
| 22:52 | Construir | House |
| 22:54 | Crear | Villager (Male) |
| 22:54 | Crear | Villager (Male) |
| 22:54 | Crear | Villager (Male) |
| 22:57 | Construir | Farm |
| 22:58 | Construir | Farm |
| 22:58 | Construir | Farm |
| 22:58 | Construir | Farm |
| 23:24 | Construir | Town Center |
Build order — mahermasmoudi1994
Primeras 150 de 368 acciones detectadas
| 0:03 | Investigar | Loom |
| 0:04 | Crear | Villager (Male) ×4 |
| 0:04 | Crear | Villager (Male) ×4 |
| 0:09 | Construir | House |
| 0:10 | Construir | House |
| 0:11 | Construir | House |
| 0:23 | Construir | Palisade Wall |
| 0:56 | Construir | Palisade Wall |
| 1:03 | Construir | Palisade Wall |
| 3:11 | Crear | Villager (Male) |
| 3:11 | Crear | Villager (Male) |
| 3:11 | Crear | Villager (Male) |
| 3:55 | Crear | Villager (Male) |
| 3:55 | Crear | Villager (Male) |
| 3:55 | Crear | Villager (Male) |
| 4:18 | Crear | Villager (Male) |
| 4:19 | Crear | Villager (Male) |
| 4:19 | Crear | Villager (Male) |
| 4:39 | Crear | Villager (Male) |
| 5:14 | Crear | Villager (Male) |
| 5:14 | Crear | Villager (Male) |
| 5:15 | Crear | Villager (Male) |
| 5:15 | Crear | Villager (Male) |
| 5:50 | Crear | Villager (Male) |
| 5:50 | Crear | Villager (Male) |
| 5:50 | Crear | Villager (Male) |
| 5:50 | Crear | Villager (Male) |
| 5:50 | Crear | Villager (Male) |
| 6:19 | Crear | Villager (Male) |
| 6:19 | Crear | Villager (Male) |
| 6:19 | Crear | Villager (Male) |
| 8:03 | Crear | Villager (Male) |
| 8:03 | Crear | Villager (Male) |
| 8:03 | Crear | Villager (Male) |
| 8:04 | Crear | Villager (Male) |
| 9:44 | Crear | Villager (Male) |
| 9:44 | Crear | Villager (Male) |
| 9:44 | Crear | Villager (Male) |
| 9:44 | Crear | Villager (Male) |
| 9:45 | Crear | Villager (Male) |
| 9:45 | Crear | Villager (Male) |
| 10:03 | Construir | Mill |
| 10:21 | Construir | Lumber Camp |
| 10:41 | Construir | House |
| 10:42 | Construir | House |
| 10:44 | Construir | House |
| 11:06 | Construir | House |
| 11:08 | Construir | House |
| 11:13 | Crear | Villager (Male) |
| 11:14 | Crear | Villager (Male) |
| 11:14 | Crear | Villager (Male) |
| 11:14 | Crear | Villager (Male) |
| 11:35 | Crear | Villager (Male) |
| 11:52 | Crear | Villager (Male) |
| 12:27 | Crear | Villager (Male) |
| 13:08 | Crear | Villager (Male) |
| 13:26 | Crear | Villager (Male) |
| 13:40 | Construir | House |
| 13:49 | Investigar | Feudal Age |
| 13:50 | Investigar | Feudal Age |
| 14:36 | Crear | Villager (Male) |
| 14:40 | Construir | Mining Camp |
| 15:59 | Edad | Edad Feudal |
| 16:06 | Investigar | Double-Bit Axe |
| 16:09 | Investigar | Horse Collar |
| 16:35 | Crear | Villager (Male) |
| 16:35 | Crear | Villager (Male) |
| 16:35 | Crear | Villager (Male) |
| 16:36 | Crear | Villager (Male) |
| 16:36 | Crear | Villager (Male) |
| 17:13 | Construir | Market |
| 17:18 | Construir | Blacksmith |
| 17:36 | Construir | Stone Wall |
| 17:39 | Construir | Stone Wall |
| 17:41 | Construir | Stone Wall |
| 18:35 | Crear | Villager (Male) |
| 18:47 | Construir | Dock |
| 19:05 | Crear | Villager (Male) |
| 19:19 | Construir | Mining Camp |
| 19:25 | Crear | Villager (Male) |
| 19:39 | Construir | Farm |
| 19:43 | Crear | Fishing Ship |
| 19:43 | Crear | Fishing Ship |
| 19:49 | Construir | Farm |
| 19:57 | Crear | Villager (Male) |
| 19:57 | Crear | Villager (Male) |
| 20:04 | Construir | Farm |
| 20:10 | Construir | Farm |
| 20:46 | Crear | Villager (Male) |
| 20:52 | Construir | Farm |
| 20:54 | Crear | Fishing Ship |
| 21:12 | Construir | Stone Wall |
| 21:15 | Construir | Stone Wall |
| 21:27 | Crear | Villager (Male) |
| 21:27 | Crear | Villager (Male) |
| 21:49 | Construir | Farm |
| 21:52 | Investigar | Castle Age |
| 22:02 | Construir | Farm |
| 22:02 | Construir | Farm |
| 22:03 | Construir | Farm |
| 22:05 | Construir | Farm |
| 22:06 | Construir | Farm |
| 22:34 | Construir | House |
| 22:36 | Construir | House |
| 22:37 | Construir | House |
| 22:38 | Construir | House |
| 23:03 | Crear | Fishing Ship |
| 23:37 | Crear | Villager (Male) |
| 23:37 | Crear | Villager (Male) |
| 23:42 | Crear | Fishing Ship |
| 24:12 | Construir | Stone Wall |
| 24:32 | Edad | Edad de los Castillos |
| 24:35 | Construir | Town Center |
| 24:52 | Construir | Town Center |
| 25:00 | Crear | Villager (Male) |
| 25:03 | Investigar | Bow Saw |
| 25:32 | Construir | Stone Wall |
| 25:39 | Crear | Villager (Male) |
| 25:39 | Crear | Villager (Male) |
| 26:04 | Investigar | Wheelbarrow |
| 26:05 | Crear | Villager (Male) ×5 |
| 26:27 | Construir | Town Center |
| 26:29 | Crear | Villager (Male) ×5 |
| 27:03 | Investigar | Heavy Plow |
| 27:21 | Construir | Stone Wall |
| 27:32 | Crear | Villager (Male) ×4 |
| 27:43 | Construir | Farm |
| 27:44 | Construir | Farm |
| 27:51 | Construir | Farm |
| 27:51 | Construir | Farm |
| 27:52 | Construir | Farm |
| 27:53 | Construir | Farm |
| 28:02 | Construir | Fish Trap |
| 28:09 | Crear | Villager (Male) ×4 |
| 28:19 | Construir | Fish Trap |
| 28:30 | Crear | Villager (Male) ×2 |
| 28:42 | Construir | Fish Trap |
| 28:45 | Construir | Fish Trap |
| 28:50 | Construir | Fish Trap |
| 28:54 | Crear | Villager (Male) ×2 |
| 29:17 | Construir | Barracks |
| 29:28 | Construir | Barracks |
| 29:36 | Crear | Villager (Male) ×5 |
| 29:39 | Crear | Villager (Male) |
| 29:40 | Crear | Villager (Male) |
| 29:49 | Construir | Farm |
| 29:51 | Construir | Farm |
| 29:52 | Construir | Farm |
| 29:53 | Construir | Farm |
| 29:55 | Construir | Farm |
Build order — Mother
Primeras 150 de 522 acciones detectadas
| 0:01 | Crear | Villager (Male) |
| 0:02 | Investigar | Loom |
| 0:02 | Crear | Villager (Male) |
| 0:02 | Crear | Villager (Male) |
| 0:03 | Construir | House |
| 0:05 | Construir | House |
| 0:29 | Crear | Villager (Male) |
| 0:29 | Crear | Villager (Male) |
| 1:52 | Construir | Palisade Wall |
| 1:59 | Construir | Palisade Wall |
| 3:01 | Crear | Villager (Male) |
| 3:01 | Crear | Villager (Male) |
| 3:01 | Crear | Villager (Male) |
| 3:27 | Crear | Villager (Male) |
| 3:52 | Construir | House |
| 4:12 | Construir | Lumber Camp |
| 4:14 | Crear | Villager (Male) |
| 4:26 | Crear | Villager (Male) |
| 4:28 | Crear | Villager (Male) |
| 5:11 | Crear | Villager (Male) |
| 5:18 | Crear | Villager (Male) |
| 5:39 | Crear | Villager (Male) |
| 7:39 | Construir | Palisade Wall |
| 8:00 | Construir | Mill |
| 8:10 | Construir | Dock |
| 9:12 | Crear | Villager (Male) |
| 9:19 | Construir | House |
| 9:21 | Crear | Fishing Ship |
| 9:22 | Crear | Fishing Ship |
| 9:36 | Crear | Villager (Male) |
| 9:36 | Crear | Villager (Male) |
| 9:36 | Crear | Villager (Male) |
| 10:11 | Construir | Lumber Camp |
| 11:01 | Crear | Villager (Male) |
| 11:01 | Crear | Villager (Male) |
| 11:01 | Crear | Villager (Male) |
| 11:02 | Crear | Villager (Male) |
| 11:18 | Construir | Palisade Wall |
| 11:32 | Crear | Villager (Male) |
| 11:37 | Crear | Fishing Ship |
| 11:38 | Crear | Fishing Ship |
| 11:50 | Construir | House |
| 12:04 | Crear | Villager (Male) |
| 12:52 | Crear | Fishing Ship |
| 12:54 | Crear | Fishing Ship |
| 13:42 | Construir | House |
| 13:48 | Construir | House |
| 13:52 | Construir | House |
| 14:01 | Investigar | Feudal Age |
| 14:07 | Construir | Barracks |
| 14:13 | Construir | Palisade Wall |
| 14:53 | Construir | Mining Camp |
| 15:00 | Construir | Mining Camp |
| 15:15 | Crear | Fishing Ship |
| 15:35 | Crear | Militia |
| 15:36 | Crear | Militia |
| 15:57 | Construir | Mill |
| 16:04 | Crear | Villager (Male) |
| 16:11 | Edad | Edad Feudal |
| 16:20 | Investigar | Wheelbarrow |
| 16:23 | Construir | Fish Trap |
| 16:32 | Investigar | Double-Bit Axe |
| 16:42 | Construir | Stone Wall |
| 16:48 | Construir | Stone Wall |
| 17:02 | Construir | Fish Trap |
| 17:08 | Investigar | Tech 906 |
| 17:40 | Crear | Villager (Male) |
| 17:42 | Crear | Villager (Male) |
| 17:50 | Construir | Blacksmith |
| 18:18 | Investigar | Forging |
| 18:20 | Crear | Villager (Male) |
| 18:23 | Crear | Demolition Raft |
| 18:25 | Construir | Fish Trap |
| 18:37 | Construir | Fish Trap |
| 18:44 | Construir | Fish Trap |
| 18:49 | Crear | Villager (Male) |
| 18:51 | Construir | Fish Trap |
| 19:09 | Construir | Fish Trap |
| 19:17 | Crear | Villager (Male) |
| 19:18 | Crear | Villager (Male) |
| 19:25 | Crear | Fishing Ship |
| 19:45 | Crear | Villager (Male) |
| 19:48 | Crear | Fishing Ship |
| 20:14 | Construir | Fish Trap |
| 20:18 | Crear | Fishing Ship |
| 20:19 | Crear | Fishing Ship |
| 20:47 | Crear | Villager (Male) |
| 20:48 | Crear | Villager (Male) |
| 20:52 | Construir | Fish Trap |
| 20:59 | Construir | Dock |
| 21:07 | Crear | Fishing Ship |
| 21:15 | Crear | Villager (Male) |
| 21:19 | Construir | House |
| 21:20 | Construir | House |
| 21:26 | Construir | Farm |
| 21:27 | Construir | Farm |
| 21:37 | Construir | Fish Trap |
| 21:43 | Construir | Farm |
| 21:45 | Construir | Farm |
| 21:52 | Crear | Villager (Male) |
| 21:53 | Crear | Villager (Male) |
| 22:02 | Crear | Fishing Ship |
| 22:03 | Crear | Fishing Ship |
| 22:10 | Construir | Fish Trap |
| 22:19 | Crear | Fishing Ship |
| 22:20 | Crear | Fishing Ship |
| 22:21 | Crear | Villager (Male) |
| 22:47 | Construir | Fish Trap |
| 22:50 | Construir | Fish Trap |
| 22:59 | Construir | Market |
| 23:01 | Crear | Villager (Male) |
| 23:02 | Crear | Villager (Male) |
| 23:28 | Construir | Fish Trap |
| 23:31 | Construir | Fish Trap |
| 23:35 | Crear | Fishing Ship |
| 23:36 | Crear | Fishing Ship |
| 23:44 | Construir | House |
| 24:03 | Investigar | Castle Age |
| 24:09 | Construir | Fish Trap |
| 24:34 | Construir | Fish Trap |
| 24:36 | Crear | Fishing Ship |
| 24:37 | Crear | Fishing Ship |
| 25:03 | Construir | Stone Wall |
| 25:07 | Construir | Stone Wall |
| 25:24 | Construir | Palisade Wall |
| 25:35 | Construir | Stone Wall |
| 25:49 | Construir | Fish Trap |
| 25:53 | Construir | Fish Trap |
| 25:58 | Construir | Fish Trap |
| 26:01 | Crear | Fishing Ship |
| 26:01 | Crear | Fishing Ship |
| 26:02 | Crear | Fishing Ship |
| 26:03 | Crear | Fishing Ship |
| 26:04 | Crear | Villager (Male) |
| 26:16 | Construir | House |
| 26:17 | Construir | House |
| 26:18 | Construir | House |
| 26:43 | Edad | Edad de los Castillos |
| 26:51 | Construir | Fish Trap |
| 26:52 | Crear | Villager (Male) |
| 27:06 | Construir | Monastery |
| 27:13 | Construir | Town Center |
| 27:24 | Crear | Villager (Male) |
| 27:27 | Crear | Villager (Male) |
| 27:38 | Construir | Fish Trap |
| 27:44 | Construir | Fish Trap |
| 27:49 | Construir | Fish Trap |
| 28:07 | Construir | Stone Wall |
| 28:11 | Crear | Villager (Male) |
| 28:18 | Crear | Villager (Male) |
Build order — fran1210
Primeras 150 de 590 acciones detectadas
| 0:01 | Crear | Villager (Male) |
| 0:02 | Crear | Villager (Male) |
| 0:03 | Construir | House |
| 0:05 | Construir | House |
| 0:37 | Crear | Villager (Male) |
| 0:37 | Crear | Villager (Male) |
| 1:32 | Crear | Villager (Male) |
| 1:32 | Crear | Villager (Male) |
| 2:00 | Crear | Villager (Male) |
| 2:00 | Crear | Villager (Male) |
| 2:01 | Crear | Villager (Male) |
| 2:30 | Crear | Villager (Male) |
| 2:50 | Investigar | Loom |
| 2:52 | Crear | Villager (Male) |
| 3:08 | Construir | House |
| 3:18 | Construir | Lumber Camp |
| 3:22 | Crear | Villager (Male) |
| 3:23 | Crear | Villager (Male) |
| 3:31 | Crear | Villager (Male) |
| 4:19 | Crear | Villager (Male) |
| 4:19 | Crear | Villager (Male) |
| 4:19 | Crear | Villager (Male) |
| 4:19 | Crear | Villager (Male) |
| 4:26 | Construir | House |
| 4:49 | Crear | Villager (Male) |
| 5:34 | Crear | Villager (Male) |
| 6:15 | Crear | Villager (Male) |
| 6:16 | Crear | Villager (Male) |
| 6:26 | Construir | Mining Camp |
| 6:29 | Crear | Villager (Male) |
| 6:29 | Crear | Villager (Male) |
| 6:30 | Crear | Villager (Male) |
| 7:25 | Crear | Villager (Male) |
| 7:25 | Crear | Villager (Male) |
| 7:29 | Construir | Mill |
| 7:42 | Crear | Villager (Male) |
| 7:48 | Construir | House |
| 8:05 | Construir | Dock |
| 8:48 | Construir | Mill |
| 9:06 | Crear | Villager (Male) |
| 9:57 | Crear | Villager (Male) |
| 9:58 | Crear | Villager (Male) |
| 10:10 | Crear | Fishing Ship |
| 10:15 | Crear | Fishing Ship |
| 10:44 | Investigar | Feudal Age |
| 10:59 | Construir | Mining Camp |
| 11:32 | Construir | House |
| 11:33 | Construir | House |
| 11:59 | Crear | Fishing Ship |
| 12:08 | Crear | Villager (Male) |
| 12:08 | Crear | Villager (Male) |
| 12:33 | Crear | Fishing Ship |
| 13:02 | Edad | Edad Feudal |
| 13:06 | Construir | Blacksmith |
| 13:09 | Construir | Market |
| 13:49 | Construir | Farm |
| 13:50 | Construir | Farm |
| 13:57 | Crear | Villager (Male) |
| 14:13 | Construir | Mill |
| 14:35 | Investigar | Castle Age |
| 14:35 | Investigar | Castle Age |
| 14:40 | Construir | Farm |
| 14:44 | Construir | Farm |
| 15:04 | Investigar | Double-Bit Axe |
| 15:50 | Construir | House |
| 15:51 | Construir | House |
| 15:51 | Construir | House |
| 15:52 | Construir | House |
| 15:54 | Construir | House |
| 15:55 | Construir | House |
| 16:25 | Crear | Demolition Raft |
| 17:07 | Construir | Stone Wall |
| 17:12 | Construir | Gate |
| 17:15 | Edad | Edad de los Castillos |
| 17:20 | Construir | Town Center |
| 17:21 | Crear | Villager (Male) |
| 17:21 | Crear | Villager (Male) |
| 17:25 | Crear | Villager (Male) |
| 17:44 | Crear | Villager (Male) |
| 17:54 | Crear | Villager (Male) |
| 17:57 | Crear | Demolition Raft |
| 18:27 | Crear | Villager (Male) |
| 18:28 | Crear | Villager (Male) |
| 18:28 | Crear | Villager (Male) |
| 18:41 | Crear | Villager (Male) |
| 18:45 | Crear | Villager (Male) |
| 18:48 | Crear | Demolition Raft |
| 19:02 | Crear | Demolition Raft |
| 19:14 | Crear | Demolition Raft |
| 19:19 | Crear | Fishing Ship |
| 19:28 | Construir | Fish Trap |
| 19:30 | Construir | Fish Trap |
| 19:33 | Construir | Fish Trap |
| 19:46 | Crear | Villager (Male) |
| 19:46 | Crear | Villager (Male) |
| 19:47 | Crear | Villager (Male) |
| 19:47 | Crear | Villager (Male) |
| 19:49 | Construir | Fish Trap |
| 20:03 | Crear | Villager (Male) |
| 20:33 | Construir | Monastery |
| 20:42 | Construir | Fish Trap |
| 20:49 | Crear | Villager (Male) |
| 20:49 | Crear | Villager (Male) |
| 20:49 | Crear | Villager (Male) |
| 20:49 | Crear | Villager (Male) |
| 20:50 | Crear | Villager (Male) |
| 20:51 | Crear | Villager (Male) |
| 20:57 | Construir | House |
| 20:58 | Construir | House |
| 20:59 | Construir | House |
| 21:00 | Construir | House |
| 21:09 | Crear | Villager (Male) |
| 21:10 | Crear | Villager (Male) |
| 21:12 | Crear | Villager (Male) |
| 21:19 | Construir | Stone Wall |
| 21:23 | Construir | Gate |
| 21:31 | Crear | Monk |
| 21:48 | Construir | Town Center |
| 21:52 | Crear | Villager (Male) |
| 21:53 | Crear | Villager (Male) |
| 21:55 | Crear | Villager (Male) |
| 21:56 | Crear | Villager (Male) |
| 22:08 | Crear | Demolition Raft |
| 22:16 | Investigar | Gold Mining |
| 22:16 | Investigar | Stone Mining |
| 22:27 | Crear | Monk |
| 22:39 | Crear | Villager (Male) |
| 22:41 | Crear | Villager (Male) |
| 22:44 | Crear | Villager (Male) |
| 22:48 | Construir | Farm |
| 22:50 | Construir | Farm |
| 22:53 | Construir | Farm |
| 22:54 | Construir | Farm |
| 23:01 | Crear | Villager (Male) |
| 23:01 | Crear | Villager (Male) |
| 23:10 | Investigar | Wheelbarrow |
| 23:10 | Investigar | Wheelbarrow |
| 23:10 | Investigar | Wheelbarrow |
| 23:25 | Investigar | Fervor |
| 23:26 | Crear | Monk |
| 23:42 | Crear | Fishing Ship |
| 23:43 | Crear | Fishing Ship |
| 23:48 | Crear | Villager (Male) |
| 23:50 | Crear | Villager (Male) |
| 23:51 | Crear | Villager (Male) |
| 23:52 | Crear | Villager (Male) |
| 24:21 | Crear | Villager (Male) |
| 24:25 | Construir | Town Center |
| 24:35 | Construir | House |
| 24:36 | Construir | House |
Cronología de la partida
| 0:23 | mahermasmoudi1994 · wall_segment Palisade Wall x16 |
| 0:56 | mahermasmoudi1994 · wall_segment Palisade Wall x14 |
| 1:03 | mahermasmoudi1994 · wall_segment Palisade Wall x11 |
| 1:26 | GoGoGo · wall_segment Palisade Wall x14 |
| 1:41 | RC · wall_segment Palisade Wall x11 |
| 1:52 | Mother · wall_segment Palisade Wall x4 |
| 1:59 | Mother · wall_segment Palisade Wall x1 |
| 4:59 | ovuvuevuevue · first_building Dock |
| 6:58 | GoGoGo · wall_segment Palisade Wall x11 |
| 7:39 | Mother · wall_segment Palisade Wall x1 |
| 7:46 | GoGoGo · wall_segment Palisade Wall x19 |
| 8:02 | RC · first_building Dock |
| 8:05 | fran1210 · first_building Dock |
| 8:10 | Mother · first_building Dock |
| 8:18 | ovuvuevuevue · wall_segment Palisade Wall x7 |
| 8:20 | ovuvuevuevue · wall_segment Palisade Wall x1 |
| 8:20 | ovuvuevuevue · wall_segment Palisade Wall x1 |
| 8:21 | ovuvuevuevue · wall_segment Palisade Wall x1 |
| 8:23 | Danny · first_building Dock |
| 8:47 | ovuvuevuevue · wall_segment Palisade Wall x1 |
| 8:48 | ovuvuevuevue · wall_segment Palisade Wall x1 |
| 8:49 | ovuvuevuevue · wall_segment Palisade Wall x1 |
| 8:51 | ovuvuevuevue · wall_segment Palisade Wall x1 |
| 9:13 | GoGoGo · wall_segment Palisade Wall x15 |
| 10:18 | chamsou anaba · age_up feudal |
| 11:18 | Mother · wall_segment Palisade Wall x12 |
| 11:27 | GoGoGo · wall_segment Palisade Wall x1 |
| 11:30 | GoGoGo · wall_segment Palisade Wall x1 |
| 11:32 | GoGoGo · wall_segment Palisade Wall x1 |
| 11:39 | GoGoGo · wall_segment Palisade Wall x1 |
| 12:11 | Danny · age_up feudal |
| 12:53 | GoGoGo · wall_segment Palisade Wall x10 |
| 13:02 | fran1210 · age_up feudal |
| 13:14 | GoGoGo · wall_segment Palisade Wall x1 |
| 13:16 | RC · age_up feudal |
| 14:07 | Mother · first_building Barracks |
| 14:09 | ovuvuevuevue · age_up feudal |
| 14:13 | Mother · wall_segment Palisade Wall x11 |
| 14:21 | GoGoGo · age_up feudal |
| 14:45 | chamsou anaba · age_up castle |
| 14:51 | GoGoGo · wall_segment Stone Wall x13 |
| 15:08 | RC · first_market_sell 100 food |
| 15:35 | GoGoGo · wall_segment Stone Wall x10 |
| 15:42 | Danny · age_up castle |
| 15:52 | GoGoGo · wall_segment Stone Wall x10 |
| 15:59 | mahermasmoudi1994 · age_up feudal |
| 16:11 | Mother · age_up feudal |
| 16:15 | GoGoGo · first_building Dock |
| 16:18 | RC · wall_segment Stone Wall x14 |
| 16:42 | Mother · wall_segment Stone Wall x6 |
| 16:47 | GoGoGo · wall_segment Stone Wall x1 |
| 16:48 | Mother · wall_segment Stone Wall x3 |
| 17:07 | fran1210 · wall_segment Stone Wall x12 |
| 17:15 | fran1210 · age_up castle |
| 17:20 | GoGoGo · first_building Barracks |
| 17:36 | mahermasmoudi1994 · wall_segment Stone Wall x6 |
| 17:39 | mahermasmoudi1994 · wall_segment Stone Wall x3 |
| 17:41 | mahermasmoudi1994 · wall_segment Stone Wall x7 |
| 18:08 | GoGoGo · first_market_sell 100 food |
| 18:11 | ovuvuevuevue · age_up castle |
| 18:11 | RC · age_up castle |
| 18:28 | GoGoGo · wall_segment Stone Wall x7 |
| 18:38 | ovuvuevuevue · first_market_buy 100 wood |
| 18:47 | mahermasmoudi1994 · first_building Dock |
| 19:02 | GoGoGo · wall_segment Stone Wall x10 |
| 19:09 | chamsou anaba · first_building Monastery |
| 19:17 | RC · wall_segment Stone Wall x14 |
| 20:23 | Danny · first_building Monastery |
| 20:31 | GoGoGo · wall_segment Stone Wall x14 |
| 20:33 | fran1210 · first_building Monastery |
| 20:50 | GoGoGo · age_up castle |
| 21:12 | mahermasmoudi1994 · wall_segment Stone Wall x4 |
| 21:15 | mahermasmoudi1994 · wall_segment Stone Wall x11 |
| 21:16 | chamsou anaba · first_market_sell 100 wood |
| 21:19 | fran1210 · wall_segment Stone Wall x11 |
| 21:20 | GoGoGo · first_building Siege Workshop |
| 23:27 | GoGoGo · wall_segment Stone Wall x6 |
| 24:12 | mahermasmoudi1994 · wall_segment Stone Wall x4 |
| 24:16 | ovuvuevuevue · first_building Monastery |
| 24:32 | mahermasmoudi1994 · age_up castle |
| 24:43 | mahermasmoudi1994 · first_market_buy 100 wood |
| 25:03 | Mother · wall_segment Stone Wall x6 |
| 25:07 | Mother · wall_segment Stone Wall x8 |
| 25:18 | chamsou anaba · first_building Barracks |
| 25:24 | Mother · wall_segment Palisade Wall x1 |
| 25:32 | fran1210 · wall_segment Stone Wall x15 |
| 25:32 | mahermasmoudi1994 · wall_segment Stone Wall x5 |
| 25:35 | Mother · wall_segment Stone Wall x14 |
| 25:52 | Danny · first_building Siege Workshop |
| 26:06 | GoGoGo · first_building Castle |
| 26:14 | chamsou anaba · first_building Siege Workshop |
| 26:32 | ovuvuevuevue · first_building Siege Workshop |
| 26:43 | Mother · age_up castle |
| 27:06 | Mother · first_building Monastery |
| 27:14 | Danny · first_building Barracks |
| 27:21 | mahermasmoudi1994 · wall_segment Stone Wall x13 |
| 27:31 | chamsou anaba · first_building Donjon |
| 27:49 | Danny · first_building Stable |
| 28:07 | Mother · wall_segment Stone Wall x1 |
| 28:13 | RC · resign |
| 28:25 | Danny · age_up imperial |
| 28:45 | fran1210 · first_building Castle |
| 29:17 | mahermasmoudi1994 · first_building Barracks |
| 29:45 | Mother · first_market_sell 500 wood |
| 29:58 | ovuvuevuevue · first_building Barracks |
| 30:06 | Danny · first_building Archery Range |
| 30:30 | fran1210 · first_building Barracks |
| 30:55 | Danny · first_building Castle |
| 30:59 | chamsou anaba · age_up imperial |
| 31:02 | Mother · first_building Siege Workshop |
| 31:06 | fran1210 · first_building Stable |
| 31:21 | chamsou anaba · first_building Castle |
| 31:47 | ovuvuevuevue · age_up imperial |
| 32:11 | ovuvuevuevue · first_building Castle |
| 32:18 | mahermasmoudi1994 · first_building Castle |
| 32:25 | GoGoGo · wall_segment Stone Wall x1 |
| 32:52 | chamsou anaba · wall_segment Stone Wall x12 |
| 32:59 | chamsou anaba · wall_segment Stone Wall x15 |
| 33:16 | Mother · first_building Castle |
| 33:32 | Danny · first_market_buy 100 food |
| 33:34 | chamsou anaba · first_market_buy 100 stone |
| 34:13 | Mother · age_up imperial |
| 34:30 | fran1210 · age_up imperial |
| 34:43 | mahermasmoudi1994 · first_market_sell 500 wood |
| 35:15 | ovuvuevuevue · first_building Krepost |
| 35:17 | GoGoGo · first_building Archery Range |
| 36:59 | Mother · first_building Stable |
| 37:40 | mahermasmoudi1994 · age_up imperial |
| 38:05 | chamsou anaba · wall_segment Stone Wall x7 |
| 40:12 | GoGoGo · first_market_buy 100 food |
| 40:30 | Mother · tribute_sent a jugador 1 |
| 40:30 | Mother · tribute_sent a jugador 2 |
| 40:30 | Mother · tribute_sent a jugador 3 |
| 40:30 | Mother · tribute_sent a jugador 4 |
| 40:30 | Mother · tribute_sent a jugador 5 |
| 40:30 | Mother · tribute_sent a jugador 6 |
| 40:30 | Mother · tribute_sent a jugador 8 |
| 40:53 | ovuvuevuevue · first_market_sell 100 food |
| 41:44 | GoGoGo · age_up imperial |
| 42:12 | fran1210 · first_building Siege Workshop |
| 43:13 | mahermasmoudi1994 · wall_segment Stone Wall x2 |
| 43:15 | mahermasmoudi1994 · wall_segment Stone Wall x3 |
| 43:26 | chamsou anaba · wall_segment Stone Wall x4 |
| 47:03 | ovuvuevuevue · tribute_sent a jugador 1 |
| 47:03 | ovuvuevuevue · tribute_sent a jugador 2 |
| 47:03 | ovuvuevuevue · tribute_sent a jugador 3 |
| 47:03 | ovuvuevuevue · tribute_sent a jugador 4 |
| 47:03 | ovuvuevuevue · tribute_sent a jugador 6 |
| 47:03 | ovuvuevuevue · tribute_sent a jugador 7 |
| 47:03 | ovuvuevuevue · tribute_sent a jugador 8 |
| 48:13 | chamsou anaba · first_building Stable |
| 50:52 | ovuvuevuevue · tribute_sent a jugador 1 |
| 50:52 | ovuvuevuevue · tribute_sent a jugador 2 |
| 50:52 | ovuvuevuevue · tribute_sent a jugador 3 |
| 50:52 | ovuvuevuevue · tribute_sent a jugador 4 |
| 50:52 | ovuvuevuevue · tribute_sent a jugador 6 |
| 50:52 | ovuvuevuevue · tribute_sent a jugador 7 |
| 50:52 | ovuvuevuevue · tribute_sent a jugador 8 |
| 52:52 | Danny · first_market_sell 500 food |
| 55:46 | ovuvuevuevue · tribute_sent a jugador 1 |
| 55:46 | ovuvuevuevue · tribute_sent a jugador 2 |
| 55:46 | ovuvuevuevue · tribute_sent a jugador 3 |
| 55:46 | ovuvuevuevue · tribute_sent a jugador 4 |
| 55:46 | ovuvuevuevue · tribute_sent a jugador 6 |
| 55:46 | ovuvuevuevue · tribute_sent a jugador 7 |
| 55:46 | ovuvuevuevue · tribute_sent a jugador 8 |
[ ANÁLISIS IA · 1 CRÉDITO ]
¿Qué pasó realmente en esta partida?
Wolo.gg analiza cada decisión: build order, eco, micro, errores típicos por bracket. Análisis personalizado por WhatsApp o Discord en 30 segundos.
Guía civ
Bereberes
Perfil
Jugador #2897616